 Dungeon Sprint DCSS version 0.20.1-1-g8b1a95d (webtiles) character file.

105140 KingStallion the Hoplite (level 15, -12/217 HPs)
             Began as a Minotaur Gladiator on Oct 16, 2017.
             Was the Champion of Makhleb.
             Mangled by Mnoleg (16 damage)
             ... in the Dungeon (Sprint V: "Ziggurat Sprint").
             The game lasted 00:37:27 (1623 turns).

KingStallion the Hoplite (Minotaur Gladiator)       Turns: 1623, Time: 00:37:27

Health: -12/217    AC: 33    Str: 39    XL:     15   Next: 93%
Magic:  26/26      EV: 25    Int:  3    God:    Makhleb [******]
Gold:   0          SH: 41    Dex: 18    Spells: 14/14 levels left

rFire    + + +     SeeInvis .   a - +6 shillelagh "Devastator" {shatter}
rCold    . . .     Gourm    .   K - +18 shield of the Gong {rElec rN+ MR+ EV-5}
rNeg     + + .     Faith    .   E - +11 pearl dragon scales "Wuokalev" {rF+ rN+}
rPois    +         Spirit   .   M - +2 hat
rElec    +         Reflect  +   U - scarf {repulsion}
rCorr    +         Harm     .   (no gloves)
MR       ++...     NoTele   +   (no boots)
Stlth    ..........             R - amulet "Galudd" {Reflect rElec SH+3 Stlth+}
Regen    0.5/turn               S - ring "Idann" {rPois Str+4}
MPRegen  0.2/turn               n - ring "Gigy" {Fire rElec Str+7 Int-3}

@: agile, berserking, resistant, hasted, glowing, studying 2 skills, silenced,
repel missiles, very quick
A: retaliatory headbutt, horns 2
a: Renounce Religion


You were in the Dungeon.
You worshipped Makhleb.
Makhleb was exalted by your worship.
You were very full.

You visited 1 branch

Inventory:

Hand Weapons
 a - the +6 shillelagh "Devastator" (weapon) {shatter}
   (You found it in the Dungeon)
 b - the +9 sword of Zonguldrok {reap}
   (You found it in the Dungeon)

   If a monster killed with it leaves a corpse in good enough shape, the corpse
   will be animated as a zombie friendly to the killer.
Missiles
 T - 17 javelins of penetration
 Y - 2 throwing nets (quivered)
Armour
 t - the +4 moon troll leather armour {Spirit, Regen++ MP+5}
   (You found it in the Dungeon)

   It affects your magic capacity (+5).
   It increases your rate of regeneration.
 E - the +11 pearl dragon scales "Wuokalev" (worn) {rF+ rN+}
   (You found it in the Dungeon)

   It protects you from fire.
   It protects you from negative energy.
 G - the +2 robe of Vines {NoPotionHeal Regen+7}
   (You found it in the Dungeon)

   It increases your rate of regeneration.
 J - the +15 Maxwell's patent armour {-Cast -Tele rElec MR+ rCorr}
   (You found it in the Dungeon)

   It insulates you from electricity.
   It affects your resistance to hostile enchantments.
   It prevents spellcasting.
   It prevents most forms of teleportation.
   It protects you from acid and corrosion.
 K - the +18 shield of the Gong (worn) {rElec rN+ MR+ EV-5}
   (You found it in the Dungeon)

   It affects your evasion (-5).
   It insulates you from electricity.
   It protects you from negative energy.
   It affects your resistance to hostile enchantments.
 M - a +2 hat (worn)
 U - a scarf of repulsion (worn)
Jewellery
 n - the ring "Gigy" (right hand) {Fire rElec Str+7 Int-3}
   (You found it in the Dungeon)

   [ring of fire]

   It enhances your fire magic.
   It affects your strength (+7).
   It affects your intelligence (-3).
   It protects you from fire.
   It makes you vulnerable to cold.
   It insulates you from electricity.
 D - the ring of the Iron Devil {Fire *Drain rPois Int+7 Dex+2}
   (You took it off a white draconian in the Dungeon)

   [ring of fire]

   It enhances your fire magic.
   It affects your intelligence (+7).
   It affects your dexterity (+2).
   It protects you from fire.
   It makes you vulnerable to cold.
   It protects you from poison.
   It causes draining when unequipped.
 P - the ring of Yrphomn {rElec rPois Dex+4}
   (You took it off an orc warlord in the Dungeon)

   [ring of poison resistance]

   It affects your dexterity (+4).
   It insulates you from electricity.
   It protects you from poison.
 R - the amulet "Galudd" (around neck) {Reflect rElec SH+3 Stlth+}
   (You found it in the Dungeon)

   [amulet of reflection]

   It shields you and reflects attacks.
   It insulates you from electricity.
   It affects your SH (+3).
   It makes you more stealthy.
 S - the ring "Idann" (left hand) {rPois Str+4}
   (You found it in the Dungeon)

   [ring of poison resistance]

   It affects your strength (+4).
   It protects you from poison.
 Z - the ring of Phasing {EV+8}
   (You took it off a purple draconian in the Dungeon)

   [ring of evasion]

   It affects your evasion (+8).
Wands
 y - a wand of disintegration (7/24)
 A - a wand of iceblast (8/15)
 B - a wand of lightning (11/15)
 C - a wand of acid (11/15)
Scrolls
 j - 4 scrolls of blinking
 s - 7 scrolls of fog
 u - 5 scrolls of identify
 v - 5 scrolls of remove curse
 w - 2 scrolls of fear
 O - a scroll of enchant armour
Potions
 e - 4 potions of curing
 f - 2 potions of heal wounds
 h - 7 potions of magic
 i - a potion of berserk rage
 k - 3 potions of brilliance
 l - 2 potions of invisibility
 m - a potion of resistance
 o - 2 potions of agility
 p - 2 potions of might
Books
 I - a manual of Transmutations
 W - a manual of Summonings
Miscellaneous
 r - a fan of gales
 F - a phial of floods
 H - 2 sacks of spiders
 L - 3 phantom mirrors
 V - a lamp of fire
Comestibles
 d - 3 bread rations
 x - 42 fruits
 z - 4 meat rations
 Q - 3 royal jellies


   Skills:
 + Level 16.4 Fighting
 + Level 4.2 Long Blades
 + Level 19.6 Maces & Flails
 + Level 6.6 Throwing
 * Level 22.5 Armour
 + Level 18.1 Dodging
 + Level 0.5 Stealth
 + Level 25.8 Shields
 + Level 11.1 Unarmed Combat
 + Level 0.3 Spellcasting
 * Level 16.3 Invocations
 + Level 6.0 Evocations


You had 14 spell levels left.
You didn't know any spells.

Dungeon Overview and Level Annotations

Branches:
Dungeon (1/1)

Altars:
Ashenzari
Cheibriados
Dithmenos
Elyvilon
Fedhas
Gozag
Hepliaklqana
Kikubaaqudgha
Makhleb
Nemelex Xobeh
Okawaru
Qazlal
Ru
Sif Muna
Trog
Uskayaw
Vehumet
Xom
Yredelemnul
Zin
The Shining One
Beogh
Jiyva
Lugonu

Annotations:
D Asmodeus, Boris, Cerebov, Chuck, Dispater, Duvessa, Ereshkigal, Frederick, Ignacio, Jory, Mara, Mennas, Mnoleg, Nellie, Nessos, the Enchantress


Innate Abilities, Weirdness & Mutations

You reflexively headbutt those who attack you in melee.
You have a pair of horns on your head.


Message History

Chuck convulses!
Duvessa convulses!
Frederick convulses!
You block Chuck's attack.
Press: ? - help, v - describe, . - travel, g - get item
Here: Mnoleg (silenced, almost dead, haloed)
A triple sword of protection.
There is something else lying underneath.
The floor, spattered with blood.
You barely miss Mnoleg. Your headbutt misses Mnoleg.
Mnoleg is almost dead.
You are engulfed in blazing flames.
You resist. You block Ignacio's attack. x3
Ignacio completely misses you.
The Enchantress rages.
Mennas is engulfed in blazing flames.
Mennas completely misses you. You furiously retaliate!
You headbutt Mennas!! Mennas misses you.
You completely miss Mnoleg.
Mnoleg is almost dead.
You are engulfed in blazing flames.
You resist. You block Ignacio's attack. x4
Cerebov gestures.
Cerebov seems to speed up.
Mnoleg claws you!
You die...

▓........
......§*w......▓........
.....)&§.......▓........
.....@..§R.....▓▓▓▓▓▓▓▓▓
...............
....&.e&..Y....
......c1.......
.....§A&1{.....
.....V&@CL.....
▓▓▓▓▓▓▓▓▓▓▓▓▓▓▓


You could see Cerebov, Asmodeus, Dispater, Ereshkigal, Mnoleg, Ignacio, Nellie,
Jory, Frederick, Boris, Mennas, Mara, an eldritch tentacle, Chuck, a Tzitzimitl,
Nessos (inner flame) and Duvessa.

Vanquished Creatures
  Rupert (D)
  A pandemonium lord (D)
  3 draconian monks (D)
  6 orc warlords (D)
  A vault warden (D)
  A draconian knight (D)
  A draconian scorcher (D)
  A draconian stormcaller (D)
  A ghoul (D)
  2 draconian annihilators (D)
  A stone giant (D)
  A vampire knight (D)
  2 black draconians (D)
  6 red draconians (D)
  4 purple draconians (D)
  3 green draconians (D)
  A yellow draconian (D)
  A white draconian (D)
  An ettin (D)
  3 merfolk impalers (D)
  3 merfolk javelineers (D)
  A fire dragon (D)
  3 death oozes (D)
  Josephine (D)
  2 great orbs of eyes (D)
  2 vault guards (D)
  2 hydras (D)
  3 merfolk aquamancers (D)
  2 alligator snapping turtles (D)
  A two-headed ogre (D)
  2 ogre magi (D)
  A vampire mage (D)
  A thrashing horror (D)
  A sea snake (D)
  A death drake (D)
  2 swamp dragons (D)
  A deep elf archer (D)
  A skeletal warrior (D)
  3 orc knights (D)
  An ironbrand convoker (D)
  2 necromancers (D)
  2 harpies (D)
  A cyclops (D)
  5 orc sorcerers (D)
  A wolf spider (D)
  2 ugly things (D)
  2 shining eyes (D)
  3 manticores (D)
  A moth of wrath (D)
  A merfolk siren (D)
  A vault sentinel (D)
  4 water nymphs (D)
  An orange demon (D)
  2 yaktaurs (D)
  A freezing wraith (D)
  An ice devil (D)
  5 merfolk (D)
  A jumping spider (D)
  2 trolls (D)
  A hornet (shapeshifter) (D)
  2 snapping turtles (D)
  6 slime creatures (D)
  A hippogriff (D)
  Sigmund (D)
  A ynoxinul (D)
  3 shadows (D)
  2 water elementals (D)
  A steam dragon (D)
  A golden eye (D)
  A basilisk (D)
  7 wargs (D)
  A porcupine (shapeshifter) (D)
  3 swamp drakes (D)
  19 orc warriors (D)
  A necrophage (D)
  4 ogres (D)
  A small abomination (D)
  A wolf (D)
  Blork the orc (D)
  A bullfrog (D)
  A gnoll sergeant (D)
  4 scorpions (D)
  2 wights (D)
  3 crimson imps (D)
  2 quasits (D)
  2 jellies (D)
  4 orc priests (D)
  2 orc wizards (D)
  Jessica (D)
  Crazy Yiuf (D)
  2 mummies (D)
  A gnoll (D)
  3 river rats (D)
  2 white imps (D)
  4 oozes (D)
  2 orcs (D)
  A bat skeleton (D)
  A bat zombie (D)
  A jackal (D)
  A jackal skeleton (D)
  A quokka skeleton (D)
213 creatures vanquished.

Vanquished Creatures (collateral kills)
  An orc warrior (D)
1 creature vanquished.

Vanquished Creatures (others)
  Gastronok (D)
  Frances (D)
  Louise (D)
  Maurice (D)
  Menkaure (D)
5 creatures vanquished.

Grand Total: 219 creatures vanquished

Notes
Turn   | Place    | Note
-------+----------+-------------------------------------------
     0 | D        | KingStallion the Minotaur Gladiator began the quest for the Orb.
     0 | D        | Reached XP level 1. HP: 18/18 MP: 0/0
     0 | D        | Found a deep blue altar of Sif Muna.
     0 | D        | Found a bloodstained altar of Trog.
     0 | D        | Found a sacrificial altar of Ru.
     0 | D        | Found a stormy altar of Qazlal.
     0 | D        | Found an iron altar of Okawaru.
     1 | D        | Found a sparkling altar of Nemelex Xobeh.
     1 | D        | Found a blossoming altar of Fedhas.
     2 | D        | Killed Menkaure
     3 | D        | Found a transporter.
     3 | D        | Found an ancient bone altar of Kikubaaqudgha.
     3 | D        | Found a viscous altar of Jiyva.
     3 | D        | Found a corrupted altar of Lugonu.
     3 | D        | Found a hazy altar of Hepliaklqana.
     3 | D        | Found a burning altar of Makhleb.
     3 | D        | Found an opulent altar of Gozag.
    63 | D        | Became a worshipper of Makhleb the Destroyer
    87 | D        | Entered arena 2.
    87 | D        | Noticed a crimson imp
    87 | D        | Killed Louise
    87 | D        | Found a transporter.
    91 | D        | Killed a crimson imp
    91 | D        | Reached skill level 5 in Dodging
    91 | D        | Reached skill level 5 in Unarmed Combat
    91 | D        | Reached XP level 2. HP: 27/27 MP: 1/1
    91 | D        | Reached XP level 3. HP: 33/33 MP: 2/2
    93 | D        | Reached * piety under Makhleb
    93 | D        | Reached skill level 1 in Maces & Flails
   102 | D        | Entered arena 3.
   102 | D        | Found a transporter.
   107 | D        | Reached ** piety under Makhleb
   107 | D        | Reached XP level 4. HP: 40/40 MP: 3/3
   117 | D        | Entered arena 4.
   117 | D        | Noticed Sigmund
   117 | D        | Noticed Jessica
   117 | D        | Noticed Blork the orc
   117 | D        | Noticed Crazy Yiuf
   117 | D        | Found a transporter.
   123 | D        | Killed Crazy Yiuf
   124 | D        | Killed Blork the orc
   124 | D        | Reached skill level 5 in Fighting
   124 | D        | Reached skill level 1 in Shields
   124 | D        | Reached XP level 5. HP: 28/48 MP: 4/4
   126 | D        | Killed Sigmund
   126 | D        | Reached skill level 2 in Shields
   126 | D        | Reached XP level 6. HP: 32/57 MP: 5/5
   131 | D        | Killed Jessica
   131 | D        | Reached *** piety under Makhleb
   131 | D        | Reached skill level 3 in Shields
   146 | D        | Got the +11 pearl dragon scales "Wuokalev" {rF+ rN+}
   259 | D        | Entered arena 5.
   259 | D        | Noticed a red ugly thing
   259 | D        | Noticed a porcupine
   259 | D        | Noticed a brown ugly thing
   259 | D        | Noticed a hornet
   259 | D        | Found a transporter.
   262 | D        | Killed a hornet
   262 | D        | Reached skill level 5 in Maces & Flails
   262 | D        | Reached XP level 7. HP: 64/64 MP: 6/6
   264 | D        | Reached skill level 5 in Throwing
   264 | D        | Reached skill level 4 in Shields
   267 | D        | Killed a white ugly thing
   267 | D        | Reached skill level 10 in Dodging
   267 | D        | Reached skill level 5 in Shields
   267 | D        | Reached skill level 10 in Unarmed Combat
   267 | D        | Reached XP level 8. HP: 62/73 MP: 7/7
   268 | D        | Killed a brown ugly thing
   268 | D        | Reached **** piety under Makhleb
   268 | D        | Reached skill level 1 in Long Blades
   290 | D        | Entered arena 6.
   290 | D        | Noticed a jumping spider
   290 | D        | Found a transporter.
   297 | D        | Killed a jumping spider
   297 | D        | Reached skill level 6 in Shields
   315 | D        | Entered arena 7.
   315 | D        | Noticed an orange demon
   315 | D        | Noticed Maghuj the pandemonium lord
   315 | D        | Noticed an ice devil
   320 | D        | Reached ***** piety under Makhleb
   326 | D        | Killed an orange demon
   326 | D        | Reached skill level 7 in Shields
   326 | D        | Reached XP level 9. HP: 82/82 MP: 8/8
   328 | D        | Killed an ice devil
   332 | D        | Reached skill level 8 in Shields
   339 | D        | Found a transporter.
   363 | D        | Killed Maghuj the pandemonium lord
   363 | D        | Reached skill level 10 in Maces & Flails
   363 | D        | Reached skill level 11 in Shields
   363 | D        | Reached XP level 10. HP: 69/91 MP: 9/9
   373 | D        | Got the amulet "Arrel" {Gourm rF+}
   410 | D        | Killed Maurice
   463 | D        | Entered arena 8.
   463 | D        | Noticed a thrashing horror
   470 | D        | Killed a thrashing horror
   470 | D        | Reached ****** piety under Makhleb
   470 | D        | Reached skill level 15 in Armour
   483 | D        | Reached skill level 12 in Shields
   484 | D        | Found a transporter.
   500 | D        | Entered arena 9.
   501 | D        | Found a transporter.
   518 | D        | Entered arena 10.
   519 | D        | Found a transporter.
   545 | D        | Entered arena 11.
   545 | D        | Noticed an ironbrand convoker
   545 | D        | Noticed a wolf spider
   545 | D        | Noticed a vault warden
   545 | D        | Noticed a deep elf archer
   545 | D        | Noticed a vault guard
   545 | D        | Noticed a vault sentinel
   545 | D        | Noticed a vault guard
   546 | D        | Found a transporter.
   551 | D        | Killed a wolf spider
   559 | D        | Killed a vault guard
   559 | D        | Reached skill level 10 in Fighting
   559 | D        | Reached skill level 13 in Shields
   559 | D        | Reached skill level 5 in Invocations
   562 | D        | Killed a vault sentinel
   562 | D        | Killed an ironbrand convoker
   562 | D        | Reached XP level 11. HP: 100/100 MP: 12/14
   563 | D        | Killed a vault guard
   563 | D        | Reached skill level 14 in Shields
   568 | D        | Killed a vault warden
   568 | D        | Reached skill level 15 in Shields
   572 | D        | Killed a deep elf archer
   596 | D        | Entered arena 12.
   596 | D        | Noticed a fire dragon
   596 | D        | Noticed a seven-headed hydra
   596 | D        | Noticed an eight-headed hydra
   597 | D        | Noticed a swamp dragon
   597 | D        | Noticed a swamp dragon
   598 | D        | Noticed a death drake
   603 | D        | Killed a seven-headed hydra
   607 | D        | Killed an eight-headed hydra
   607 | D        | Reached skill level 16 in Shields
   631 | D        | Killed a death drake
   643 | D        | Killed a fire dragon
   646 | D        | Killed a swamp dragon
   648 | D        | Found a transporter.
   651 | D        | Killed a swamp dragon
   661 | D        | Got the amulet "Galudd" {Reflect rElec SH+3 Stlth+}
   763 | D        | Entered arena 13.
   763 | D        | Noticed an orc knight
   763 | D        | Noticed an orc sorcerer
   764 | D        | Noticed an ettin
   772 | D        | Paralysed by an orc sorcerer for 6 turns
   782 | D        | Killed an orc sorcerer
   782 | D        | Reached XP level 12. HP: 55/110 MP: 17/17
   784 | D        | Reached skill level 17 in Shields
   786 | D        | Killed an ettin
   796 | D        | Found a transporter.
   819 | D        | Got the ring "Idann" {rPois Str+4}
   825 | D        | Entered arena 14.
   828 | D        | Noticed an orc warlord
   849 | D        | Killed an orc warlord
   849 | D        | Reached skill level 15 in Maces & Flails
   851 | D        | Found a transporter.
   866 | D        | Got the ring of Egicy {Wiz rN++}
   888 | D        | Entered arena 15.
   892 | D        | Reached skill level 10 in Invocations
   893 | D        | Noticed an ogre mage
   895 | D        | Found a transporter.
   897 | D        | Reached skill level 18 in Shields
   904 | D        | Killed an ogre mage
   919 | D        | Got the ring of the Raven {rC- Str+6 SInv}
   936 | D        | Entered arena 16.
   942 | D        | Noticed a merfolk aquamancer
   942 | D        | Noticed a merfolk impaler
   942 | D        | Noticed a merfolk javelineer
   942 | D        | Noticed an alligator snapping turtle
   945 | D        | Killed a merfolk aquamancer
   950 | D        | Noticed a merfolk impaler
   951 | D        | Killed a merfolk javelineer
   952 | D        | Noticed a merfolk aquamancer
   952 | D        | Noticed a merfolk aquamancer
   954 | D        | Noticed a merfolk impaler
   973 | D        | Killed a merfolk aquamancer
   975 | D        | Reached skill level 19 in Shields
   976 | D        | Killed a merfolk impaler
   977 | D        | Killed an alligator snapping turtle
   977 | D        | Reached XP level 13. HP: 115/119 MP: 18/20
   980 | D        | Killed a merfolk impaler
   983 | D        | Killed a merfolk impaler
   994 | D        | Reached skill level 20 in Shields
  1008 | D        | Found a transporter.
  1036 | D        | Entered arena 17.
  1036 | D        | Noticed a vampire knight
  1038 | D        | Paralysed by a vampire knight for 7 turns
  1053 | D        | Noticed a ghoul
  1069 | D        | Killed a vampire knight
  1069 | D        | Reached skill level 15 in Dodging
  1083 | D        | Killed a ghoul
  1090 | D        | Reached skill level 21 in Shields
  1103 | D        | Reached XP level 14. HP: 129/129 MP: 22/22
  1108 | D        | Found a transporter.
  1121 | D        | Entered arena 18.
  1126 | D        | Found a transporter.
  1148 | D        | Reached skill level 22 in Shields
  1175 | D        | Got the ring "Gigy" {Fire rElec Str+7 Int-3}
  1186 | D        | Killed Frances
  1198 | D        | Entered arena 19.
  1203 | D        | Noticed a stone giant
  1203 | D        | Noticed an orc warlord
  1211 | D        | Noticed an orc warlord
  1212 | D        | Noticed an orc warlord
  1214 | D        | Noticed an orc warlord
  1215 | D        | Noticed an orc warlord
  1218 | D        | Reached skill level 1 in Evocations
  1223 | D        | Killed a stone giant
  1226 | D        | Killed an orc warlord
  1226 | D        | Killed an orc warlord
  1236 | D        | Killed an orc warlord
  1236 | D        | Reached skill level 23 in Shields
  1236 | D        | Killed an orc warlord
  1236 | D        | Reached XP level 15. HP: 138/139 MP: 24/24
  1241 | D        | Killed an orc warlord
  1254 | D        | Got the ring of Yrphomn {rElec rPois Dex+4}
  1263 | D        | Found a transporter.
  1302 | D        | Entered arena 20.
  1367 | D        | Reached skill level 15 in Fighting
  1375 | D        | Found a transporter.
  1437 | D        | Entered arena 21.
  1448 | D        | Noticed a purple draconian monk
  1449 | D        | Noticed a yellow draconian scorcher
  1458 | D        | Noticed a green draconian knight
  1460 | D        | Noticed a white draconian monk
  1461 | D        | Noticed a black draconian monk
  1470 | D        | Killed a purple draconian monk
  1471 | D        | HP: 6/141 [white draconian annihilator/bolt of lightning (8)]
  1476 | D        | Killed a green draconian knight
  1476 | D        | Reached skill level 24 in Shields
  1476 | D        | Killed a white draconian monk
  1486 | D        | Reached skill level 15 in Invocations
  1495 | D        | Killed Gastronok
  1500 | D        | Killed a black draconian monk
  1509 | D        | Reached skill level 25 in Shields
  1509 | D        | Reached skill level 5 in Evocations
  1509 | D        | Killed a yellow draconian scorcher
  1542 | D        | Got the ring of the Iron Devil {Fire *Drain rPois Int+7 Dex+2}
  1550 | D        | Found a transporter.
  1602 | D        | Entered arena 22.
  1602 | D        | Noticed Jory
  1602 | D        | Noticed Ignacio
  1602 | D        | Noticed Chuck
  1602 | D        | Noticed Mennas
  1602 | D        | Noticed Rupert
  1602 | D        | Noticed Asmodeus
  1602 | D        | Noticed Josephine
  1603 | D        | Noticed Mnoleg
  1606 | D        | Noticed Boris
  1608 | D        | Noticed Mara
  1608 | D        | Noticed Dispater
  1610 | D        | Noticed Duvessa
  1610 | D        | Noticed Ereshkigal
  1612 | D        | Noticed the Enchantress
  1612 | D        | Noticed Nessos
  1612 | D        | Killed Josephine
  1613 | D        | Noticed Nellie
  1613 | D        | Killed Rupert
  1617 | D        | Noticed a Tzitzimitl
  1619 | D        | Noticed Cerebov
  1620 | D        | Noticed Frederick
  1621 | D        | HP: 5/217 [Mnoleg (14)]
  1623 | D        | Mangled by Mnoleg

Skill      XL: |  1  2  3  4  5  6  7  8  9 10 11 12 13 14 15 |
---------------+----------------------------------------------+-----
Fighting       | 3 4 5 6 7 8 9 10 11 12 13 14 16 | 16.4
Dodging        | 5 6 7 8 9 10 11 12 13 14 15 16 18 | 18.1
Unarmed Combat | 5 7 8 9 10 11 | 11.1
Maces & Flails | 1 2 3 5 6 8 10 11 13 16 17 19 | 19.6
Throwing       | 3 4 5 6 |  6.6
Armour         | 4 7 9 11 13 14 15 17 18 19 20 22 | 22.5
Shields        | 1 2 3 5 7 11 13 16 19 21 23 25 | 25.8
Long Blades    | 1 3 4 |  4.2
Invocations    | 5 8 11 12 13 16 | 16.3
Evocations     | 1 6 |  6.0
Stealth        | |  0.5
Spellcasting   | |  0.3

Action                   |  1- 3 |  4- 6 |  7- 9 | 10-12 | 13-15 || total
-------------------------+-------+-------+-------+-------+-------++-------
Melee: Shillelagh        |     7 |    13 |    47 |   167 |   214 ||   448
       Headbutt          |     1 |     2 |    22 |    51 |    70 ||   146
       Double sword      |       |       |     4 |       |       ||     4
Throw: Throwing net      |       |       |       |       |     3 ||     3
       Javelin           |       |       |       |       |     1 ||     1
Invok: Major Destruction |       |       |       |       |     2 ||     2
Evoke: Wand              |       |       |       |     1 |     2 ||     3
       Phial of floods   |       |       |       |       |     2 ||     2
       Phantom mirror    |       |       |       |       |     1 ||     1
       Sack of spiders   |       |       |       |       |     3 ||     3
       Fan of gales      |       |       |       |       |     1 ||     1
       Lamp of fire      |       |       |       |       |     1 ||     1
  Use: Scroll            |     3 |       |       |     3 |     2 ||     8
       Potion            |       |       |     5 |     5 |    22 ||    32
  Eat: Chunk             |       |       |       |     1 |       ||     1
       Bread ration      |       |       |       |       |     2 ||     2
Armor: Plate armour      |     3 |     4 |       |       |       ||     7
       Pearl dragon scal |       |       |    18 |    83 |    95 ||   196
Dodge: Dodged            |       |     1 |    15 |    58 |   128 ||   202
       Deflected         |       |       |       |       |     5 ||     5
Block: Shield            |     5 |    16 |    81 |   205 |   404 ||   711
       Reflection        |       |       |       |     3 |    11 ||    14
